 Dungeon Crawl Stone Soup version 0.31.0-32-g396128a36d (webtiles) character file.

Game seed: 12779332573780619241

383 Ivernyr the Shield-Bearer (level 7, -24/55 HPs)
             Began as a Formicid Fighter on Mar 20, 2024.
             Annihilated by an ogre
             ... wielding a +0 giant club
              (29 damage)
             ... on level 4 of the Dungeon.
             The game lasted 00:05:08 (2564 turns).

Ivernyr the Shield-Bearer (Formicid Fighter)        Turns: 2564, Time: 00:05:08

Health: -24/55     AC:  7    Str: 22    XL:     7   Next: 5%
Magic:  7/7        EV:  9    Int:  8    God:
Gold:   171        SH:  5    Dex: 13    Spells: 6/6 levels left

rFire   . . .        a - +0 quarterstaff
rCold   . . .        c - +0 buckler
rNeg    . . .        b - +0 scale mail
rPois   .            (helmet unavailable)
rElec   .            (no cloak)
rCorr   .            (no gloves)
SInv    +            (no boots)
Will    .....        (no amulet) Stlth
                     (no ring)
HPRegen 0.29/turn    (no ring)
MPRegen 0.10/turn

%: no passive effects
@: no status effects
A: permanent stasis, dig shafts and tunnels, antennae 3, four strong arms
a: Dig, Shaft Self


You were on level 4 of the Dungeon.
You visited 1 branch of the dungeon, and saw 4 of its levels.

You collected 171 gold pieces.

Inventory:

Hand Weapons
 a - a +0 quarterstaff (weapon)
Armour
 b - a +0 scale mail (worn)
 c - a +0 buckler (worn)
Jewellery
 i - a ring of positive energy
 j - an amulet of the acrobat
Scrolls
 e - a scroll of silence {unknown}
 l - a scroll of identify {unknown}
 m - a scroll of amnesia {unknown}
Potions
 d - 2 potions of might
 f - a potion of mutation {unknown}
 g - a potion of brilliance {unknown}
 h - a potion of attraction {unknown}
 k - a potion of magic {unknown}


   Skills:
 + Level 4.6 Fighting
 * Level 4.6 Staves
 + Level 4.6 Armour
 + Level 5.5 Shields


You had 6 spell levels left.
You didn't know any spells.
Your spell library contained the following spells:

 Spells                   Type           Power      Damage    Failure   Level
 Ignite Poison            Fire/Alch      0%         N/A       100%        4
 Sticky Flame             Fire/Alch      0%         2d4       100%        4
 Ignition                 Fire           0%         3d3       100%        8


Dungeon Overview and Level Annotations

Branches:
Dungeon (4/15)
 Temple: D:4-7

Altars:
Cheibriados
Makhleb


Innate Abilities, Weirdness & Mutations

You cannot be hasted, slowed, berserked, paralysed or teleported.
You can dig through walls and to a lower floor.
You have a pair of large antennae on your head. (SInv)
Your four strong arms can wield two-handed weapons with a shield.


Message History

Found a shiny helmet and a worn bone wand.
HP restored.
m - a scroll labelled AKEHEF IFUBI
Found a stone staircase leading down.
Found 7 stones.
An ogre comes into view. It is wielding a +0 giant club.
The ogre shouts!
An ogre is nearby!
You see here a wand of flame (14).
Found 20 gold pieces.
You hit the ogre.
The ogre is lightly wounded.
The ogre hits you with a +0 giant club!
You barely miss the ogre.
The ogre is lightly wounded.
The ogre barely misses you.
You hit the ogre.
The ogre is moderately wounded.
You block the ogre's attack.
You barely miss the ogre.
The ogre is moderately wounded.
You hit the ogre but do no damage.
The ogre is moderately wounded.
The ogre hits you with a +0 giant club!!
Ouch! That really hurt!
* * * LOW HITPOINT WARNING * * *
You hit the ogre.
The ogre is heavily wounded.
The ogre barely misses you.
You barely miss the ogre.
The ogre is heavily wounded.
The ogre hits you with a +0 giant club!
* * * LOW HITPOINT WARNING * * *
You hit the ogre.
The ogre is heavily wounded.
You hit the ogre.
The ogre is severely wounded.
The ogre hits you with a +0 giant club!!
Ouch! That really hurt!
You die...

#.
...##..#.#....##..
..
{..........[.......
.
..............##..
.......>..#...# .
....###...##.###..
.#..###...^.......
#......./##...#.
...........(.#..
........@O......
................
...............#
...............#
............#...
..........#..##.
.$............
........#.....


You could see an ogre.

Vanquished Creatures
  Sigmund (D:2)
  A bombardier beetle (D:3)
  Natasha (thrice) (D:2)
  Terence (D:2)
  2 adders (D:2)
  2 ribbon worms
  2 dart slugs (D:1)
  6 orcs (D:3)
  7 endoplasms
  2 giant cockroaches
  5 goblins
  3 hobgoblins
  6 jackals
  2 kobolds (D:1)
  4 quokkas
  5 ball pythons
  7 bats
  4 frilled lizards
  4 rats
67 creatures vanquished.

Notes
Turn   | Place    | Note
-------+----------+-------------------------------------------
     0 | D:1      | Ivernyr the Formicid Fighter began the quest for the Orb.
     0 | D:1      | Reached XP level 1. HP: 18/18 MP: 1/1
   160 | D:1      | Reached XP level 2. HP: 23/24 MP: 2/2
   427 | D:1      | Found a faded altar of an unknown god.
   472 | D:1      | Reached XP level 3. HP: 28/29 MP: 3/3
   697 | D:1      | Found a burning altar of Makhleb.
   761 | D:2      | Noticed Sigmund
   762 | D:2      | Noticed Natasha
   771 | D:2      | Killed Sigmund
   772 | D:2      | Reached skill level 5 in Shields
   772 | D:2      | Reached XP level 4. HP: 7/37 MP: 4/4
   772 | D:2      | Reached XP level 5. HP: 8/42 MP: 5/5
   913 | D:2      | Killed Natasha
   914 | D:2      | Reached XP level 6. HP: 48/48 MP: 6/6
  1401 | D:2      | Noticed Terence
  1412 | D:2      | Killed Terence
  1661 | D:2      | Noticed Natasha
  1671 | D:2      | Killed Natasha
  1690 | D:2      | Noticed Natasha
  1697 | D:2      | Killed Natasha
  2168 | D:3      | Found a snail-covered altar of Cheibriados.
  2432 | D:3      | Reached XP level 7. HP: 55/55 MP: 7/7
  2564 | D:4      | Annihilated by an ogre

Illustrated notes

Levels and vault maps discovered:
D:1:      dpeg_arrival_water_altar, layout_rooms,
          hellmonk_ecumenical_altar_pennies_from_heaven, minivault_25
D:2:      layout_basic, uniq_natasha, uniq_sigmund, uniq_terence
D:3:      layout_basic, slow_altar_2
D:4:      layout_cave_pools, zin_purify

Skill      XL: |  1  2  3  4  5 |
---------------+----------------+-----
Fighting       | 4 |  4.6
Staves         | 3 4 |  4.6
Armour         | 4 |  4.6
Shields        | 5 |  5.5

Action                     |  1- 3 |  4- 6 |  7- 9 || total
---------------------------+-------+-------+-------++-------
  Melee: Quarterstaff      |    68 |   130 |    15 ||   213
 Armour: Scale mail        |    50 |    80 |     6 ||   136
  Dodge: Dodged            |    33 |    53 |     4 ||    90
  Block: Buckler           |    17 |    40 |     2 ||    59
